 Dungeon Crawl Stone Soup version 0.22-a0-284-g99d1f74 (webtiles) character file.

408 Amnesiac the Zephyrmancer (level 6, 0/32 HPs)
             Began as a Tengu Air Elementalist on Mar 22, 2018.
             Slain by Duvessa
             ... wielding a +2 rapier of electrocution
              (11 damage)
             ... on level 4 of the Dungeon.
             The game lasted 00:06:29 (2895 turns).

Amnesiac the Zephyrmancer (Tengu Air Elementalist)  Turns: 2895, Time: 00:06:30

Health: 0/32       AC:  3    Str:  8    XL:     6   Next: 88%
Magic:  0/13       EV: 13    Int: 19    God:
Gold:   165        SH:  0    Dex: 15    Spells: 8/13 levels left

rFire    . . .     SeeInvis .   (no weapon)
rCold    . . .     Gourm    .   (no shield)
rNeg     . . .     Faith    .   a - +0 robe
rPois    .         Spirit   .   (helmet restricted)
rElec    .         Reflect  .   (no cloak)
rCorr    .         Harm     .   b - +0 pair of gloves
MR       .....                  (boots unavailable)
Stlth    ++........             (no amulet)
HPRegen  0.10/turn              l - +2 ring of intelligence
MPRegen  0.13/turn              (no ring)

@: no status effects
A: beak, talons 3, able to fly 1
a: Fly


You were on level 4 of the Dungeon.
You were not hungry.

You visited 1 branch of the dungeon, and saw 4 of its levels.

You collected 165 gold pieces.

Inventory:

Armour
 a - a +0 robe (worn)
 b - a +0 pair of gloves (worn)
Jewellery
 l - a +2 ring of intelligence (left hand)
Wands
 j - a wand of iceblast (6)
 n - a wand of paralysis (11)
 r - a wand of disintegration (18)
Scrolls
 e - a scroll of magic mapping {!r}
 h - a scroll of blinking {!r, unknown}
 i - 3 scrolls of remove curse {!r}
 q - a scroll of amnesia {!r, unknown}
 s - 2 scrolls of identify {!r}
 t - a scroll of teleportation {!r, unknown}
Potions
 d - a potion of flight {!q}
 f - a potion of invisibility {!q}
 g - a potion of brilliance {!q}
 k - a potion of curing {!q}
 m - a potion of might {!q}
 o - a potion of mutation {!q}
Comestibles
 c - 7 rations
 p - 2 chunks of flesh


   Skills:
 - Level 2.1 Dodging
 - Level 2.0 Stealth
 + Level 4.0 Spellcasting
 - Level 1.3 Conjurations
 * Level 8.4 Air Magic


You had 8 spell levels left.
You knew the following spells:

 Your Spells              Type           Power        Failure   Level  Hunger
a - Shock                 Conj/Air       ###.         1%          1    None
d - Airstrike             Air            #####.....   4%          4    ####...


Dungeon Overview and Level Annotations

Branches:
Dungeon (4/15)
 Temple: D:4-7

Altars:
Ashenzari
Kikubaaqudgha
Qazlal
Vehumet

Annotations:
D:4 Duvessa


Innate Abilities, Weirdness & Mutations

You have a beak for a mouth.
You have claws for feet.
You can fly.


Message History

Aiming: Airstrike (safe; 4% risk of failure)
Press: ? - help, Dir - move target cursor, f/p - Duvessa
Aim: Duvessa, wielding a rapier of electrocution and wearing a scale mail (lightly wounded)
The air twists around and strikes Duvessa!
Duvessa is heavily wounded.
Casting: Airstrike (safe; 4% risk of failure)
Confirm with . or Enter, or press ? or * to list all spells.
Aiming: Airstrike (safe; 4% risk of failure)
Press: ? - help, Dir - move target cursor, f/p - Duvessa
Aim: Duvessa, wielding a rapier of electrocution and wearing a scale mail (moderately wounded)
The air twists around and strikes Duvessa!
Duvessa is severely wounded.
Casting: Airstrike (safe; 4% risk of failure)
Confirm with . or Enter, or press ? or * to list all spells.
Aiming: Airstrike (safe; 4% risk of failure)
Press: ? - help, Dir - move target cursor, f/p - Duvessa
Aim: Duvessa, wielding a rapier of electrocution and wearing a scale mail (severely wounded)
The air twists around and strikes Duvessa!
Duvessa is severely wounded.
Casting: Airstrike (safe; 4% risk of failure)
Confirm with . or Enter, or press ? or * to list all spells.
You don't have enough magic to cast that spell.
Casting: Airstrike (safe; 4% risk of failure)
Confirm with . or Enter, or press ? or * to list all spells.
Aiming: Shock (safe; 1% risk of failure)
Press: ? - help, Shift-Dir - straight line, f/p - Duvessa
Aim: Duvessa, wielding a rapier of electrocution and wearing a scale mail (severely wounded)
The zap hits Duvessa.
Duvessa is almost dead.
Unknown command.
Casting: Shock (safe; 1% risk of failure)
Confirm with . or Enter, or press ? or * to list all spells.
Aiming: Shock (safe; 1% risk of failure)
Press: ? - help, Shift-Dir - straight line, f/p - Duvessa
Aim: Duvessa, wielding a rapier of electrocution and wearing a scale mail (almost dead)
The zap misses Duvessa.
Duvessa says, "My weaknesses are his strengths!"
You hit Duvessa but do no damage.
Duvessa is almost dead.
Duvessa closely misses you.
Casting: Shock (safe; 1% risk of failure)
Confirm with . or Enter, or press ? or * to list all spells.
Aiming: Shock (safe; 1% risk of failure)
Press: ? - help, Shift-Dir - straight line, f/p - Duvessa
Aim: Duvessa, wielding a rapier of electrocution and wearing a scale mail (almost dead)
The zap misses Duvessa.
The zap hits Duvessa.
Duvessa is almost dead.
Duvessa closely misses you.
Unknown command.
You barely miss Duvessa.
Duvessa is almost dead.
Duvessa hits you with a rapier of electrocution.
You are electrocuted!
Casting: Shock (safe; 1% risk of failure)
Confirm with . or Enter, or press ? or * to list all spells.
Aiming: Shock (safe; 1% risk of failure)
Press: ? - help, Shift-Dir - straight line, f/p - Duvessa
Aim: Duvessa, wielding a rapier of electrocution and wearing a scale mail (almost dead)
The zap misses Duvessa.
The zap hits Duvessa.
Duvessa is almost dead.
Duvessa hits you with a rapier of electrocution!
* * * LOW HITPOINT WARNING * * *
You are electrocuted!
You die...

##.#
#.#
#.##
#..#
##.#
#.##
#..#
##.#
#@##
#e.#
##.#
#.##
#..#
#..#
##.##
#.
#..#
#..
#..#
#..


You could see Duvessa.

Vanquished Creatures
  An ice beast (D:2)
  An ogre (D:2)
  A bullfrog skeleton (D:2)
  Terence (D:2)
  An orc wizard (D:3)
  3 gnolls (D:2)
  4 adders
  2 worms
  3 dart slugs
  2 leopard geckos
  4 orcs (D:3)
  2 giant cockroaches
  8 goblins
  5 hobgoblins
  11 jackals
  A quokka (D:2)
  10 bats
  2 frilled lizards (D:3)
  4 kobolds
  7 rats
73 creatures vanquished.

Notes
Turn   | Place    | Note
-------+----------+-------------------------------------------
     0 | D:1      | Amnesiac the Tengu Air Elementalist began the quest for the Orb.
     0 | D:1      | Reached XP level 1. HP: 10/10 MP: 4/4
   157 | D:1      | Reached XP level 2. HP: 15/15 MP: 1/6
   614 | D:1      | Reached skill level 5 in Air Magic
   649 | D:1      | Reached XP level 3. HP: 17/19 MP: 0/7
   938 | D:2      | Noticed Terence
  1023 | D:2      | Killed Terence
  1023 | D:2      | Reached XP level 4. HP: 16/24 MP: 0/9
  1030 | D:2      | Learned a level 4 spell: Airstrike
  1303 | D:2      | Found an ancient bone altar of Kikubaaqudgha.
  1338 | D:2      | Reached skill level 6 in Air Magic
  1431 | D:2      | Gained mutation: You can fly. [Tengu growth]
  1431 | D:2      | Reached XP level 5. HP: 26/28 MP: 4/10
  1726 | D:2      | Noticed an air elemental
  1728 | D:2      | Found a stormy altar of Qazlal.
  1729 | D:2      | Noticed a fire elemental
  1729 | D:2      | Noticed a water elemental
  1741 | D:2      | Noticed an ogre
  1773 | D:2      | Killed an ogre
  1773 | D:2      | Reached skill level 7 in Air Magic
  1773 | D:2      | Reached XP level 6. HP: 32/32 MP: 6/12
  1958 | D:3      | Noticed an ice beast
  1984 | D:2      | Killed an ice beast
  1984 | D:2      | Reached skill level 8 in Air Magic
  2070 | D:3      | Found a radiant altar of Vehumet.
  2312 | D:3      | Found a shattered altar of Ashenzari.
  2864 | D:4      | Noticed Duvessa
  2895 | D:4      | Slain by Duvessa

Vault maps used:
D:1:      minmay_arrival_glassed_features, nrook_mini_vaults
D:2:      kiku_gazebo_garden_becter, nicolae_qazlal_style_of_elements,
          uniq_terence
D:3:      vehumet_crystals, minmay_misc_feat_five, nicolae_ashenzari_panopticon
D:4:      old_standard_altar, first_ration, uniq_duvessa

Skill      XL: |  1  2  3  4  5  6 |
---------------+-------------------+-----
Air Magic      | 5 6 7 8 |  8.4
Spellcasting   | 3 4 |  4.0
Dodging        | |  2.1
Stealth        | |  2.0
Conjurations   | |  1.3

Action                   |  1- 3 |  4- 6 || total
-------------------------+-------+-------++-------
Melee: Unarmed           |     8 |    29 ||    37
       Peck              |     1 |     5 ||     6
       Kick              |     2 |     7 ||     9
 Cast: Shock             |    60 |    84 ||   144
       Airstrike         |       |     9 ||     9
Evoke: Wand              |       |     1 ||     1
  Use: Scroll            |       |     7 ||     7
 Stab: Paralysed         |       |    10 ||    10
  Eat: Chunk             |     1 |     7 ||     8
Armor: Robe              |     6 |     5 ||    11
Dodge: Dodged            |    23 |    26 ||    49

Table legend:
 A = Spawn XP
 B = Non-spawn XP
 C = Spawn XP percentage of total XP
 D = Spawn monster count
 E = Non-spawn monster count
 F = Spawn count percentage of total count
 G = Total turns spent on level
                    A         B        C        D         E        F      G
               +---------+---------+-------+---------+---------+-------+---------
         Total |       0 |     583 |   0.0 |       0 |      73 |   0.0 |  2895
               +---------+---------+-------+---------+---------+-------+---------
           D:1 |       0 |      44 |   0.0 |       0 |      24 |   0.0 |   886
           D:2 |       0 |     434 |   0.0 |       0 |      28 |   0.0 |  1160
           D:3 |       0 |     100 |   0.0 |       0 |      20 |   0.0 |   763
           D:4 |       0 |       5 |   0.0 |       0 |       1 |   0.0 |    86
               +---------+---------+-------+---------+---------+-------+---------
